 Dungeon Sprint DCSS version 0.29-a0-824-gd827844252 (webtiles) character file.

Game seed: 3172995504893981725

282232 mhtbhm the Cutthroat (level 13, 102/102 HPs)
             Began as a Kobold Berserker on July 10, 2022.
             Was a High Priest of Trog.
             Escaped with the Orb!
             The game lasted 00:18:31 (6566 turns).

mhtbhm the Cutthroat (Kobold Berserker)             Turns: 6566, Time: 00:18:32

Health: 102/102    AC: 22    Str: 23    XL:     13   Next: 71%
Magic:  13/13      EV: 16    Int:  9    God:    Trog [*****.]
Gold:   2919       SH:  0    Dex: 12    Spells: 12/12 levels left

rFire   + + +      SeeInvis .   a - +7 captain's cutlass {speed, disarm}
rCold   + + +      Faith    .   (no shield)
rNeg    . . .      Spirit   .   b - +2 chain mail {rC+}
rPois   +          Reflect  .   x - +0 helmet "Kueph" {rF+++ Str+3 Dex-3}
rElec   .          Harm     .   p - +0 cloak {rPois}
rCorr   .          Rampage  .   C - +2 pair of gloves of Fresh Brilliance {Str+2 Slay+2}
Will    .....      NoTele   +   o - +0 pair of boots of Instinct {rC++}
Stlth   ++........              s - amulet of the acrobat
HPRegen 0.27/turn               z - +4 ring of slaying
MPRegen 0.13/turn               (no ring)

@: no status effects
A: small, no large weapons, nightstalker 3, poison resistance, MP-powered wands
0: Orb of Zot
a: Renounce Religion, Berserk, Trog's Hand, Brothers in Arms


You escaped.
You worshipped Trog.
Trog was extremely pleased with you.
You visited 1 branch You collected 6688 gold pieces.
You spent 3769 gold pieces at shops.

Inventory:

Hand Weapons
 a - the +7 captain's cutlass (weapon) {speed, disarm}
   (Trog gifted it to you in the Dungeon)

   Attacks with this weapon are significantly faster.
   It may disarm weapon-wielding foes when striking them, dealing extra damage
   in the process.
 y - the +4 dagger of the Grand God {freeze, rElec Str-2 Int+6}
   (You found it in the Dungeon)

   It freezes those it strikes, dealing additional cold damage.
   It can also slow down cold-blooded creatures.
   Str:       It affects your strength (-2).
   Int:       It affects your intelligence (+6).
   rElec:     It insulates you from electricity.
Missiles
 u - 4 curare-tipped darts (quivered)
Armour
 b - a +2 chain mail of cold resistance (worn)
 o - the +0 pair of boots of Instinct (worn) {rC++}
   (You bought it in a shop in the Dungeon)

   rC:        It greatly protects you from cold.
 p - a +0 cloak of poison resistance (worn)
 w - a +2 pair of boots
 x - the +0 helmet "Kueph" (worn) {rF+++ Str+3 Dex-3}
   (You bought it in a shop in the Dungeon)

   Str:       It affects your strength (+3).
   Dex:       It affects your dexterity (-3).
   rF:        It renders you almost immune to fire.
 B - a +2 buckler of positive energy
 C - the +2 pair of gloves of Fresh Brilliance (worn) {Str+2 Slay+2}
   (You bought it in a shop in the Dungeon)

   Str:       It affects your strength (+2).
   Slay:      It affects your accuracy & damage with ranged weapons and melee
   (+2).
Jewellery
 i - a ring of flight
 s - an amulet of the acrobat (around neck)
 z - a +4 ring of slaying (left hand)
 A - a ring of ice
Wands
 g - a wand of flame (10)
Scrolls
 e - a scroll of fear {unknown}
 k - 2 scrolls of immolation {unknown}
 l - a scroll of poison {unknown}
 r - 2 scrolls of fog
Potions
 c - 4 potions of curing
 d - a potion of heal wounds
 f - 3 potions of magic
 h - 2 potions of resistance
 j - 3 potions of mutation
 m - a potion of berserk rage
 n - a potion of brilliance {unknown}
 t - 2 potions of might
 v - a potion of invisibility
Miscellaneous
 D - a condenser vane
 E - a phantom mirror
 F - a tin of tremorstones (2/2)


   Skills:
 + Level 20.3 Fighting
 + Level 24.2 Short Blades
 + Level 2.3 Throwing
 + Level 12.4 Armour
 + Level 15.4 Dodging
 + Level 18.0 Stealth
 + Level 1.4 Evocations


You had 12 spell levels left.
You didn't know any spells.
Your spell library was empty.

Dungeon Overview and Level Annotations

Branches:
Dungeon (1/1)

Altars:
Cheibriados
Dithmenos
Elyvilon
Fedhas
Gozag
Hepliaklqana
Kikubaaqudgha
Makhleb
Nemelex Xobeh
Okawaru
Qazlal
Ru
Sif Muna
Trog
Uskayaw
Vehumet
Wu Jian
Xom
Yredelemnul
Zin
The Shining One
Jiyva
Lugonu

Shops:
D *[(![(!:[[**([[*?(*[[*

Annotations:
D Lom Lobon, Tiamat


Innate Abilities, Weirdness & Mutations

You are small and have problems with some larger weapons.
You are completely attuned to the shadows.
Your system is resistant to poisons. (rPois)
You expend magic power (3 MP) to strengthen your wands.


Message History

You see here 3 poisoned darts.
Unknown command.
Your skin crawls.
You feel strong-willed.
You feel yourself speed up.
Things that are here:
a +3 antimagic short sword; a +2 great sword of flaming
Things that are here:
a +0 great sword of flaming; a +2 great sword of flaming You feel the effects of Trog's Hand fading.
There is an open door here.
Your skin stops crawling.
You feel less strong-willed.
The daeva calls down the wrath of the Shining One upon you.
The Shining One smites you!
The daeva calls down the wrath of the Shining One upon you.
The Shining One smites you!
The daeva calls down the wrath of the Shining One upon you.
The Shining One smites you!
There is an open door, spattered with blood here.
There is an open door, spattered with blood here.
You see here a +1 vorpal rapier.
You feel much better.
You see here a +7 rapier of flaming.
There is an open door here.
There is an open door here.
There is an open door, spattered with blood here.
There is an open door here.
There is an open door here.
There is an open door here.
You see here a +0 animal skin.
You see here a +0 scythe.
There is an open door here.
There is an open door, spattered with blood here.
You see here a +0 giant club.
Things that are here:
a +0 club; a +0 ring mail
There is an open door here.
There is a staircase leading out of the dungeon here.
Your library has no spells.
You have escaped!

##################
#@.#.))..#.)[..#__
#..'..#..'..#..'..
#..#####'#####'#__
#..####..#...#)###
#..#__####..##§#§≈
#..#_____##'#§§§≈§
#_.∩...'..._#≈≈
#_..__##_.#'##'
#_____###'#.#.)


There were no monsters in sight!

Vanquished Creatures
  A golden dragon (D)
  A deep elf master archer (D)
  4 fire giants (D)
  A shadow dragon (D)
  A lorocyproca (D)
  A deep elf annihilator (D)
  A mummy priest (D)
  A hydra (D)
  2 centaur warriors (D)
  Sonja (D)
  A deep troll (D)
  A lindwurm (D)
  2 oklob plants (D)
  2 merfolk sirens (D)
  2 gargoyles (D)
  7 unseen horrors (D)
  4 demonic crawlers (D)
  2 kobold demonologists (D)
  A hellwing (D)
  5 hornets (D)
  A slime creature (D)
  Sigmund (D)
  A yak (D)
  13 hogs (D)
  2 redbacks (D)
  3 floating eyes (D)
  An ogre (D)
  7 necrophages (D)
  8 jellies (D)
  Ijyb (D)
79 creatures vanquished.

Vanquished Creatures (collateral kills)
  the Lernaean hydra (D)
  8 shining eyes (D)
  4 floating eyes (D)
13 creatures vanquished.

Vanquished Creatures (others)
  2 ball lightnings (D)
  2 ballistomycete spores (D)
4 creatures vanquished.

Grand Total: 96 creatures vanquished

Notes
Turn   | Place    | Note
-------+----------+-------------------------------------------
     0 | D        | mhtbhm the Kobold Berserker began the quest for the Orb.
     0 | D        | Reached XP level 1. HP: 14/14 MP: 1/1
     1 | D        | Noticed Ijyb
    10 | D        | Killed Ijyb
    11 | D        | Reached skill level 6 in Short Blades
    11 | D        | Reached skill level 1 in Stealth
    11 | D        | Reached XP level 2. HP: 4/20 MP: 2/2
    11 | D        | Reached XP level 3. HP: 5/25 MP: 3/3
   262 | D        | Noticed an ogre
   267 | D        | Killed an ogre
   268 | D        | Reached skill level 8 in Short Blades
   268 | D        | Reached XP level 4. HP: 32/32 MP: 4/4
   268 | D        | Reached XP level 5. HP: 37/37 MP: 5/5
   386 | D        | Noticed Sigmund
   390 | D        | Killed Sigmund
   390 | D        | Reached ** piety under Trog
   391 | D        | Reached skill level 11 in Short Blades
   391 | D        | Reached skill level 5 in Dodging
   391 | D        | Reached XP level 6. HP: 45/45 MP: 6/6
   429 | D        | Found an ornate altar of the Wu Jian Council.
   430 | D        | Found a shimmering blue altar of Sif Muna.
   431 | D        | Found a radiant altar of Vehumet.
   591 | D        | Found a hazy altar of Hepliaklqana.
   591 | D        | Found a stormy altar of Qazlal.
   591 | D        | Found a hide-covered altar of Uskayaw.
   591 | D        | Found a blossoming altar of Fedhas.
   591 | D        | Noticed a yak
   592 | D        | Found Dumuvvehe's Distillery.
   592 | D        | Found a bloodstained altar of Trog.
   592 | D        | Found an opulent altar of Gozag.
   592 | D        | Found a snail-covered altar of Cheibriados.
   602 | D        | Killed a yak
   603 | D        | Reached skill level 12 in Short Blades
   603 | D        | Reached XP level 7. HP: 28/52 MP: 7/7
   603 | D        | Found an iron altar of Okawaru.
   603 | D        | Found a sparkling altar of Nemelex Xobeh.
   603 | D        | Found a sacrificial altar of Ru.
   603 | D        | Found a glowing silver altar of Zin.
   604 | D        | Found an ancient bone altar of Kikubaaqudgha.
   604 | D        | Found a basalt altar of Yredelemnul.
   604 | D        | Found a glowing golden altar of the Shining One.
   604 | D        | Found a shadowy altar of Dithmenos.
   604 | D        | Found a white marble altar of Elyvilon.
   753 | D        | Found a burning altar of Makhleb.
   753 | D        | Found a viscous altar of Jiyva.
   753 | D        | Found a shimmering altar of Xom.
   753 | D        | Found a corrupted altar of Lugonu.
   753 | D        | Noticed a slime creature
   764 | D        | Killed a slime creature
   765 | D        | Reached skill level 10 in Fighting
   765 | D        | Reached skill level 13 in Short Blades
  1024 | D        | Noticed a kobold demonologist
  1025 | D        | Noticed a kobold demonologist
  1028 | D        | Reached *** piety under Trog
  1029 | D        | Reached skill level 14 in Short Blades
  1029 | D        | Reached XP level 8. HP: 59/59 MP: 8/8
  1033 | D        | Killed a kobold demonologist
  1034 | D        | Reached skill level 15 in Short Blades
  1034 | D        | Reached skill level 5 in Stealth
  1046 | D        | Killed a kobold demonologist
  1046 | D        | Reached **** piety under Trog
  1229 | D        | Noticed a centaur warrior
  1230 | D        | Noticed a centaur warrior
  1231 | D        | Killed a centaur warrior
  1232 | D        | Reached skill level 17 in Short Blades
  1232 | D        | Reached XP level 9. HP: 66/66 MP: 9/9
  1232 | D        | Killed a centaur warrior
  1233 | D        | Reached skill level 5 in Armour
  1261 | D        | Noticed a deep troll
  1274 | D        | Killed a deep troll
  1275 | D        | Reached skill level 18 in Short Blades
  1275 | D        | Reached skill level 10 in Dodging
  1275 | D        | Reached XP level 10. HP: 40/73 MP: 10/10
  1287 | D        | Found Tiusud's Armour Emporium.
  1499 | D        | Noticed an oklob plant
  1501 | D        | Killed an oklob plant
  1502 | D        | Reached skill level 19 in Short Blades
  1508 | D        | Reached ***** piety under Trog
  1562 | D        | Killed an unseen horror
  1563 | D        | Reached skill level 10 in Stealth
  1681 | D        | Killed an unseen horror
  1962 | D        | Received a gift from Trog
  1962 | D        | Found the +7 captain's cutlass {speed, disarm}
  2147 | D        | Received a gift from Trog
  2156 | D        | Reached skill level 20 in Short Blades
  2173 | D        | Found Lihadyoq's Book Shoppe.
  2173 | D        | Found Jima's Distillery.
  2173 | D        | Found Punt's Armour Boutique.
  2175 | D        | Found Ceopter's Antique Armour Emporium.
  2175 | D        | Found Heanu's Assorted Antiques.
  2175 | D        | Found Baoshaeq's Assorted Antiques.
  2175 | D        | Found Suozue's Weapon Boutique.
  2179 | D        | Bought the +0 pair of boots of Instinct {rC++} for 406 gold
                  | pieces
  2179 | D        | Bought a +0 cloak of poison resistance for 119 gold pieces
  2214 | D        | Found Ruoseax's Armour Emporium.
  2215 | D        | Found Ritubis's Antique Armour Shop.
  2216 | D        | Found Kaulunanao's General Store.
  2217 | D        | Found Peban's Magic Scroll Boutique.
  2218 | D        | Found Daalo's Assorted Antiques.
  2218 | D        | Found Okkul's Antique Weapon Boutique.
  2219 | D        | Found Feacreff's Armour Emporium.
  2230 | D        | Bought a scroll of blinking for 97 gold pieces
  2230 | D        | Bought a scroll of fog for 26 gold pieces
  2233 | D        | Bought a potion of heal wounds for 60 gold pieces
  2233 | D        | Bought a scroll of blinking for 90 gold pieces
  2238 | D        | Bought a tiny steel amulet for 115 gold pieces
  2257 | D        | Bought a potion of heal wounds for 70 gold pieces
  2257 | D        | Bought a potion of heal wounds for 70 gold pieces
  2257 | D        | Bought a potion of curing for 42 gold pieces
  2257 | D        | Bought a potion of might for 56 gold pieces
  2257 | D        | Bought a potion of might for 56 gold pieces
  2257 | D        | Bought a potion of flight for 42 gold pieces
  2311 | D        | Noticed Sonja
  2314 | D        | Killed Sonja
  2315 | D        | Reached skill level 15 in Fighting
  2315 | D        | Reached skill level 1 in Evocations
  2315 | D        | Reached XP level 11. HP: 81/81 MP: 11/11
  2374 | D        | Found Kiq Ofol's General Store.
  2407 | D        | Bought a potion of invisibility for 80 gold pieces
  2407 | D        | Bought a potion of flight for 30 gold pieces
  2474 | D        | Reached ****** piety under Trog
  2557 | D        | Noticed a lindwurm
  2559 | D        | Killed a lindwurm
  2560 | D        | Reached skill level 1 in Throwing
  2578 | D        | Received a gift from Trog
  2605 | D        | Reached skill level 15 in Stealth
  2629 | D        | Received a gift from Trog
  2775 | D        | Noticed a 12-headed hydra
  2777 | D        | Killed a 12-headed hydra
  2778 | D        | Reached skill level 21 in Short Blades
  2926 | D        | Bought a bloodstained ring mail for 270 gold pieces
  2926 | D        | Identified the +2 ring mail "Cijih" {rPois MP+9} (You
                  | bought it in a shop in the Dungeon)
  2934 | D        | Bought a +2 chain mail of cold resistance for 215 gold
                  | pieces
  3065 | D        | Killed a lorocyproca
  3530 | D        | Bought a pair of embroidered boots for 210 gold pieces
  3540 | D        | Bought the +0 helmet "Kueph" {rF+++ Str+3 Dex-3} for 465
                  | gold pieces
  3715 | D        | Noticed a shadow dragon
  3716 | D        | Noticed a golden dragon
  3735 | D        | Killed a shadow dragon
  3736 | D        | Reached XP level 12. HP: 91/91 MP: 12/12
  3755 | D        | Killed a golden dragon
  3755 | D        | Received a gift from Trog
  3806 | D        | Identified the +4 dagger of the Grand God {freeze, rElec
                  | Str-2 Int+6}
  3847 | D        | Found Emyetela's Assorted Antiques.
  3866 | D        | Bought 2 scrolls of fog for 104 gold pieces
  3898 | D        | Noticed a daeva
  3915 | D        | Reached skill level 22 in Short Blades
  4374 | D        | Noticed a fire giant
  4375 | D        | Noticed a fire giant
  4382 | D        | Noticed a fire giant
  4384 | D        | Killed a fire giant
  4384 | D        | Received a gift from Trog
  4389 | D        | Noticed a fire giant
  4392 | D        | Killed a fire giant
  4402 | D        | Killed a fire giant
  4413 | D        | Killed a fire giant
  4413 | D        | Received a gift from Trog
  5347 | D        | Gained mutation: You do not regenerate when monsters are
                  | visible. [a shining eye]
  5348 | D        | Received a gift from Trog
  5349 | D        | Reached skill level 23 in Short Blades
  5349 | D        | Reached XP level 13. HP: 99/99 MP: 13/13
  5356 | D        | Reached skill level 10 in Armour
  5365 | D        | Found Fosmozel's Armour Shop.
  5365 | D        | Found Feot's Antique Armour Shoppe.
  5365 | D        | Found Ciezopai's Weapon Boutique.
  5365 | D        | Found Buiri's Antique Weapon Emporium.
  5372 | D        | Bought a pair of shimmering gloves for 285 gold pieces
  5372 | D        | Identified the +2 pair of gloves of Fresh Brilliance {Str+2
                  | Slay+2} (You bought it in a shop in the Dungeon)
  5406 | D        | Bought a potion of resistance for 130 gold pieces
  5481 | D        | Bought a scroll of blinking for 217 gold pieces
  5481 | D        | Bought a potion of haste for 290 gold pieces
  5498 | D        | Bought 2 potions of mutation for 224 gold pieces
  5499 | D        | Lost mutation: You do not regenerate when monsters are
                  | visible. [potion of mutation]
  5499 | D        | Gained mutation: You expend magic power (3 MP) to
                  | strengthen your wands. [potion of mutation]
  5499 | D        | Gained mutation: Your system is resistant to poisons.
                  | (rPois) [potion of mutation]
  5578 | D        | Noticed a deep elf annihilator
  5583 | D        | Killed a deep elf annihilator
  5592 | D        | Received a gift from Trog
  5728 | D        | Noticed a mummy priest
  5736 | D        | Reached skill level 15 in Dodging
  5740 | D        | Killed a mummy priest
  5743 | D        | Identified the +6 short sword of Morality {flame, rC+ rN+
                  | rCorr} (Trog gifted it to you in the Dungeon)
  5743 | D        | Received a gift from Trog
  5904 | D        | Noticed the 27-headed Lernaean hydra
  5932 | D        | Killed the 27-headed Lernaean hydra
  5933 | D        | Reached skill level 24 in Short Blades
  6220 | D        | Noticed a deep elf master archer
  6224 | D        | Killed a deep elf master archer
  6241 | D        | Identified the +6 giant club "Beetlebane" {elec, rC+ Dex-3
                  | SInv}
  6482 | D        | Noticed Lom Lobon
  6489 | D        | Found the +4 dragonskin cloak
  6489 | D        | Noticed Tiamat
  6493 | D        | Got the Orb of Zot
  6566 | D        | Escaped with the Orb!

Illustrated notes

Levels and vault maps discovered:
D:        dungeon_sprint_1 [red_sonja_temple_1, red_sonja_temple_small_1]

Skill      XL: |  1  2  3  4  5  6  7  8  9 10 11 12 13 |
---------------+----------------------------------------+-----
Fighting       | 4 6 8 9 10 12 13 15 17 18 20 | 20.3
Short Blades   | 6 8 11 12 14 17 18 20 21 23 24 | 24.2
Armour         | 2 3 4 5 6 9 12 | 12.4
Dodging        | 3 4 5 6 7 8 10 11 13 14 15 | 15.4
Stealth        | 1 2 3 4 6 8 12 16 17 18 | 18.0
Evocations     | 1 |  1.4
Throwing       | 2 |  2.3

Action                   |  1- 3 |  4- 6 |  7- 9 | 10-12 | 13-15 || total
-------------------------+-------+-------+-------+-------+-------++-------
Melee: Short sword       |    10 |    20 |    43 |    48 |       ||   121
       Punch             |       |       |     2 |     8 |     1 ||    11
       Cutlass           |       |       |       |   253 |    38 ||   291
Throw: Dart              |       |       |       |     2 |       ||     2
Invok: Berserk           |     1 |     1 |     3 |     7 |     3 ||    15
       Brothers in Arms  |       |       |       |     3 |     2 ||     5
       Trog's Hand       |       |       |       |       |     1 ||     1
Evoke: Wand              |       |       |       |     1 |       ||     1
  Use: Potion            |     1 |       |       |     1 |    11 ||    13
       Scroll            |       |       |     1 |       |     5 ||     6
 Stab: Sleeping          |     1 |     2 |     2 |    12 |     2 ||    19
Armor: Robe              |       |       |       |     5 |       ||     5
       Ring mail         |       |       |       |    17 |       ||    17
       Chain mail        |       |       |       |    25 |    34 ||    59
Dodge: Dodged            |     2 |     7 |    23 |   132 |    42 ||   206

Table legend: (Time is in decaauts)
 A = Elapsed time spent in this place.
 B = Non-inter-level travel time spent in this place.
 C = Inter-level travel time spent in this place.
 D = Time resting spent in this place.
 E = Time spent auto-exploring this place.
 F = Levels seen in this place.
 G = Mean time per level.
                   A        B        C        D        E       F      G
               +--------+--------+--------+--------+--------+-----+--------+
         Total |   6430 |   6272 |    158 |   3705 |      1 |   1 | 6430.0 |
       Dungeon |   6430 |   6272 |    158 |   3705 |      1 |   1 | 6430.0 |
               +--------+--------+--------+--------+--------+-----+--------+

Top non-repeatable levels by time:
       D: 6430 daAuts
